 Dungeon Crawl Stone Soup version 0.29.0-13-gc9e81de378 (webtiles) character file.

Game seed: 14156021413426556162

56 apoch the Chopper (level 3, -1/31 HPs)
             Began as a Minotaur Fighter on Sept 9, 2022.
             Was a Follower of Ru.
             Slain by an iguana (3 damage)
             ... on level 3 of the Dungeon.
             The game lasted 00:02:25 (1197 turns).

apoch the Chopper (Minotaur Fighter)                Turns: 1197, Time: 00:02:25

Health: -1/31      AC:  6    Str: 22    XL:     3   Next: 71%
Magic:  2/2        EV:  9    Int:  5    God:    Ru [*.....]
Gold:   98         SH:  4    Dex:  9    Spells: 2/2 levels left

rFire   . . .      SeeInvis .   a - +0 war axe
rCold   . . .      Faith    .   c - +0 buckler
rNeg    . . .      Spirit   .   b - +0 scale mail
rPois   .          Reflect  .   (helmet restricted)
rElec   .          Harm     .   (no cloak)
rCorr   .          Rampage  .   (no gloves)
Will    .....                   (no boots)
Stlth   ..........              (no amulet)
HPRegen 0.10/turn               (no ring)
MPRegen 0.08/turn               (no ring)

@: unable to drink
A: horns 2, inability to drink after injury 2, retaliatory headbutt
a: Renounce Religion


You were on level 3 of the Dungeon.
You worshipped Ru.
Ru was aware of your devotion.
You visited 1 branch of the dungeon, and saw 3 of its levels.

You collected 98 gold pieces.

Inventory:

Hand Weapons
 a - a +0 war axe (weapon)
Armour
 b - a +0 scale mail (worn)
 c - a +0 buckler (worn)
Scrolls
 e - 2 scrolls of vulnerability {unknown}
 g - 3 scrolls of identify {unknown}
 h - a scroll of enchant armour {unknown}
 i - a scroll of fear {unknown}
 j - a scroll of noise {unknown}
Potions
 d - a potion of might
 f - a potion of brilliance {unknown}


   Skills:
 - Level 3.6 Fighting
 + Level 5.0 Axes
 - Level 3.6 Armour
 - Level 3.6 Shields


You had 2 spell levels left.
You didn't know any spells.
Your spell library was empty.

Dungeon Overview and Level Annotations

Branches:
Dungeon (3/15)

Altars:
Ru

Shops:
D:1 [


Innate Abilities, Weirdness & Mutations

You have a pair of horns on your head.
You sometimes lose the ability to drink potions when taking damage.
You reflexively headbutt those who attack you in melee.


Message History

An iguana comes into view.
The ufetubus closely misses you. You furiously retaliate!
You headbutt the ufetubus. You block the ufetubus's attack.
The iguana hisses angrily.
You slash the ufetubus!
You kill the ufetubus!
Your Axes skill increases to level 5!
You barely miss the iguana.
The iguana bites you but does no damage.
You block the iguana's attack.
You closely miss the iguana. The iguana bites you!
You closely miss the iguana. You headbutt the iguana.
The iguana is lightly wounded.
You block the iguana's attack.
You barely miss the iguana.
The iguana is lightly wounded.
The iguana bites you.
You feel threatened and lose the ability to drink potions!
You are too injured to fight recklessly!
You are too injured to fight recklessly!
You are too injured to fight recklessly!
You closely miss the iguana.
The iguana is lightly wounded.
You can drink potions again.
The iguana hisses menacingly.
The iguana barely misses you. You block the iguana's attack.
You slash the iguana!
The iguana is heavily wounded.
The iguana bites you.
You feel threatened and lose the ability to drink potions!
You hit the iguana.
The iguana is almost dead.
You can drink potions again.
The iguana bites you!
You feel threatened and lose the ability to drink potions!
* * * LOW HITPOINT WARNING * * *
You barely miss the iguana.
The iguana is almost dead.
The iguana bites you.
You die...

##########
#.........
#.........
#.........
#<@l......
#.........
##########


You could see an iguana.

Vanquished Creatures
  An ufetubus (D:3)
  A worm (D:2)
  4 dart slugs
  7 endoplasms
  A giant cockroach (D:2)
  4 goblins
  6 hobgoblins
  2 jackals (D:1)
  4 kobolds (D:1)
  3 bats (D:1)
  3 rats
36 creatures vanquished.

Notes
Turn   | Place    | Note
-------+----------+-------------------------------------------
     0 | D:1      | apoch the Minotaur Fighter began the quest for the Orb.
     0 | D:1      | Reached XP level 1. HP: 19/19 MP: 0/0
    31 | D:1      | Found a faded altar of an unknown god.
    46 | D:1      | Prayed at the altar of an unknown god.
    46 | D:1      | Became a worshipper of Ru the Awakened
    58 | D:1      | Gained mutation: You occasionally lose the ability to drink
                  | potions when taking damage. [Ru sacrifice]
    58 | D:1      | Gained mutation: You sometimes lose the ability to drink
                  | potions when taking damage. [Ru sacrifice]
    58 | D:1      | Reached * piety under Ru
   108 | D:1      | Reached skill level 3 in Axes
   166 | D:1      | Reached XP level 2. HP: 26/26 MP: 1/1
   320 | D:1      | Reached skill level 4 in Axes
   442 | D:1      | Found Wide's Antique Armour Shop.
   619 | D:2      | Reached XP level 3. HP: 30/31 MP: 2/2
  1185 | D:3      | Reached skill level 5 in Axes
  1196 | D:3      | HP: 1/31 [iguana (10)]
  1197 | D:3      | Slain by an iguana

Illustrated notes

Levels and vault maps discovered:
D:1:      mrwooster_arrival_statue_3, layout_basic, serial_shops,
          nicolae_shop_temple_entry_statues_fountains,
          hellmonk_ecumenical_altar_slurped_away
D:2:      layout_rooms, kennysheep_generic_room_12
D:3:      layout_rooms, lemuel_zombie_altar_yredelemnul, serial_shops,
          nicolae_shop_behind_doors, nicolae_shop_trees,
          nicolae_shop_waterfront, nicolae_shop_bloodbath_and_beyond,
          nicolae_shop_hallway_plus, grunt_ministairs_11

Skill      XL: |  1  2  3 |
---------------+----------+-----
Axes           | 3 4 5 |  5.0
Fighting       | |  3.6
Armour         | |  3.6
Shields        | |  3.6

Action                   || total
-------------------------++-------
Melee: War axe           ||    69
       Headbutt          ||    11
Throw: Stone             ||    13
Invok: Sacrifice Drink   ||     1
Armor: Scale mail        ||    17
Dodge: Dodged            ||    15
Block: Buckler           ||    15
